 Dungeon Crawl Stone Soup version 0.31-a0-1612-g4aaf141004 (webtiles) character file.

Game seed: 1238965245415636482

106607 Newt the Spear-Bearer (level 15, -5/108 HPs)
             Began as a Demonspawn Gladiator on Jan 8, 2024.
             Was a High Priest of Okawaru.
             Killed from afar by a starcursed mass (9 damage)
             ... with an accursed screaming
             ... on level 2 of the Abyss on Jan 9, 2024.
             The game lasted 00:36:19 (24117 turns).

Newt the Spear-Bearer (Demonspawn Gladiator)       Turns: 24117, Time: 00:36:20

Health: -5/108     AC: 52    Str: 20    XL:     15   Next: 69%
Magic:  19/23      EV:  9    Int:  9    God:    Okawaru [*****.]
Gold:   3455       SH: 30    Dex: 16    Spells: 14/14 levels left

rFire   . . .        U - +6 demon trident (venom)
rCold   . . .        E - +2 tower shield
rNeg    + . .        H - +8 plate armour {ponderous}
rPois   +            (helmet unavailable)
rElec   .            (no cloak)
rCorr   +            Y - +5 pair of gloves of a bazaar {rPois}
SInv    +            G - +1 pair of boots {Fly}
Will    +++..        v - amulet "Loojogh" {Reflect Rampage rN+ rCorr SH+5} Stlth
                     L - ring of willpower
HPRegen 0.38/turn    z - ring of willpower
MPRegen 0.18/turn

%: reflection, rampage
@: heroic, finesse-ful, sanguine armoured, flying, slow
A: antennae 3, icemail 2, spiny 1, sanguine armour 2, condensation shield,
corrupting presence 1
a: Renounce Religion, Heroism, Finesse, Duel


You were on level 2 of the Abyss.
You worshipped Okawaru.
Okawaru was extremely pleased with you.
You visited 4 branches of the dungeon, and saw 23 of its levels.
You visited the Abyss 1 time.
You also visited: Bailey.

You collected 4348 gold pieces.
You spent 893 gold pieces at shops.

Inventory:

Hand Weapons
 a - the +6 trident of Newt's Misery {heavy, rF++}
   (You took it off an orc on level 7 of the Dungeon)

   rF++:      It greatly protects you from fire.
 b - the +10 sling of Degiaja {speed, rC+ Dex+4}
   (You found it on level 8 of the Dungeon)

   Dex+4:     It affects your dexterity (+4).
   rC+:       It protects you from cold.
 U - a +6 demon trident of venom (weapon)
Missiles
 d - 3 throwing nets (quivered)
 e - 16 javelins
 p - 33 poisoned darts
 t - 3 silver javelins
 I - 26 boomerangs
Armour
 u - the +6 plate armour "Ruiruupn" {*Slow rC+++ MP-9 Int+2}
   (You found it on level 2 of the Shoals)

   Int+2:     It affects your intelligence (+2).
   rC+++:     It renders you almost immune to cold.
   MP-9:      It affects your magic capacity (-9).
   *Slow:     It may slow you when you take damage.
 E - a +2 tower shield (worn)
 G - a +1 pair of boots of flying (worn)
 H - a +8 plate armour of ponderousness (worn)
 Y - the +5 pair of gloves of a bazaar (worn) {rPois}
   (You bought it in a shop on level 12 of the Dungeon)

   rPois:     It protects you from poison
Jewellery
 f - the ring of the Hare {EV+10}
   (You found it on level 14 of the Dungeon)

   [ring of evasion]

   EV+10:     It affects your evasion (+10).
 h - a ring of ice
 i - a ring of fire
 m - an amulet of reflection
 v - the amulet "Loojogh" (around neck) {Reflect Rampage rN+ rCorr SH+5}
   (You found it on level 4 of the Lair of Beasts)

   [amulet of reflection]

   Reflect:   It reflects blocked missile attacks.
   rN+:       It protects you from negative energy.
   rCorr:     It protects you from acid and corrosion.
   SH+5:      It affects your SH (+5).
   Rampage:   It bestows one free step when moving towards enemies.
 z - a ring of willpower (right hand)
 C - the ring "Gummos" {MP+9 Dex+6 Slay+3}
   (You found it on level 5 of the Lair of Beasts)

   [ring of dexterity]

   Dex+6:     It affects your dexterity (+6).
   Slay+3:    It affects your accuracy & damage with ranged weapons and melee
   (+3).
   MP+9:      It affects your magic capacity (+9).
 L - a ring of willpower (left hand)
 N - a ring of ice
Wands
 y - a wand of roots (41)
 A - a wand of mindburst (56)
 Q - a wand of light (18)
 R - a wand of flame (46)
 T - a wand of digging (4)
 Z - a wand of polymorph (6)
Scrolls
 c - 9 scrolls of identify
 l - 2 scrolls of blinking
 q - 6 scrolls of teleportation
 r - a scroll of brand weapon
 M - a scroll of silence
 X - a scroll of fear
Potions
 j - 8 potions of curing
 k - 5 potions of lignification
 n - a potion of resistance
 o - a potion of mutation {unknown}
 s - 2 potions of ambrosia
 w - 4 potions of brilliance
 x - 6 potions of might
 F - 6 potions of enlightenment
 J - 5 potions of haste
 K - 3 potions of attraction
 O - 2 potions of invisibility
 P - 2 potions of berserk rage {unknown}
 S - a potion of heal wounds
Miscellaneous
 g - a phial of floods (inert)
 B - a condenser vane (inert)
 V - a lightning rod (4/4)


   Skills:
 - Level 7.0(12.0) Fighting
 - Level 2.6(7.6) Short Blades
 - Level 7.6(16.9) Axes
 - Level 14.2(20.0) Polearms
 - Level 2.6(7.6) Ranged Weapons
 - Level 1.7(6.7) Throwing
 + Level 12.7(17.7) Armour
 - Level 4.0(9.0) Dodging
 - Level 3.0(8.0) Stealth
 - Level 9.0(14.0) Shields
 - Level 11.0 Invocations
 - Level 10.0 Evocations


You had 14 spell levels left.
You didn't know any spells.
Your spell library contained the following spells:

 Spells                   Type           Power      Damage    Failure   Level
 Apportation              Tloc           0%         N/A       100%        1
 Kiss of Death            Conj/Necr      0%         2d5       100%        1
 Magic Dart               Conj           0%         1d3       100%        1
 Necrotise                Necr           0%         1d4       100%        1
 Slow                     Hex            0%         N/A       100%        1
 Sting                    Conj/Alch      0%         1d3       100%        1
 Blink                    Tloc           0%         N/A       100%        2
 Static Discharge         Conj/Air       0%         3-3/arc   100%        2
 Sublimation of Blood     Necr           0%         N/A       100%        2
 Confusing Touch          Hex            0%         N/A       100%        3
 Dazzling Flash           Conj/Hex       0%         N/A       100%        3
 Gell's Gravitas          Tloc           0%         N/A       100%        3
 Mephitic Cloud           Conj/Alch/Air  0%         N/A       100%        3
 Sigil of Binding         Hex            0%         N/A       100%        3
 Teleport Other           Tloc           0%         N/A       100%        3
 Vampiric Draining        Necr           0%         2d6       100%        3
 Airstrike                Air            0%         2d(0-16)  100%        4
 Dimensional Bullseye     Hex/Tloc       0%         N/A       100%        4
 Iskenderun's Mystic Bla  Conj/Tloc      0%         2d3       100%        4
 Arcjolt                  Conj/Air       0%         1d10      100%        5
 Curse of Agony           Necr           0%         N/A       100%        5
 Fireball                 Conj/Fire      0%         3d3       100%        5
 Silence                  Hex/Air        0%         N/A       100%        5
 Dispersal                Tloc           0%         N/A       100%        6
 Summon Small Mammal      Summ           Unusable   N/A       N/A         1
 Call Imp                 Summ           Unusable   N/A       N/A         2
 Tukima's Dance           Hex            Unusable   N/A       N/A         3
 Summon Lightning Spire   Summ/Air       Unusable   N/A       N/A         4
 Summon Hydra             Summ           Unusable   N/A       N/A         7

Dungeon Overview and Level Annotations

Branches:
Dungeon (15/15)            Temple (1/1) D:6            Lair (5/5) D:11
 Shoals (2/4) Lair:3          Orc (0/2) D:10         Vaults (0/5) D:13
 Depths (0/4) D:15         Bailey (visited)
  Snake: Lair:2-3    Spider: Lair:2-3     Slime: Lair:4-5

Altars:
Ashenzari
Cheibriados
Dithmenos
Fedhas
Gozag
Hepliaklqana
Kikubaaqudgha
Makhleb
Nemelex Xobeh
Okawaru
Qazlal
Ru
Sif Muna
Trog
Uskayaw
Vehumet
Wu Jian
Xom
Yredelemnul

Shops:
D:4 ?   D:12 *   Shoals:2 :

Portals:
Hell: Lair:5
Trove: D:15 (give 3 potions of resistance)


Innate Abilities, Weirdness & Mutations

You have a pair of large antennae on your head. (SInv)
A meltable icy envelope protects you from harm. (AC +8)
You are partially covered in sharp spines.
When seriously injured, your blood forms thick armour. (AC +9)
A meltable shield of frost defends you. (SH +4)
Your presence sometimes corrodes those you injure.


Message History

A starcursed mass splits.
Unknown command.
Reach: U) +6 demon trident (venom)
Press: ? - help, Dir - move target, f - starcursed mass
Aim: a starcursed mass (heavily damaged, covered in acid, about 2% to evade your +6 demon trident of venom)
You reach to attack!
You hit the starcursed mass.
The starcursed mass is heavily damaged.
The starcursed mass shudders and is absorbed by its neighbour.
Unknown command.
Reach: U) +6 demon trident (venom)
Press: ? - help, Dir - move target, f - you
Okay, then.
A chorus of shrieks assaults your mind.
* * * LOW HITPOINT WARNING * * *
The starcursed mass is engulfed in blazing flames.
A starcursed mass splits.
The starcursed mass shudders and is absorbed by its neighbour.
A large abomination comes into view.
You puncture the large abomination!
The large abomination is moderately damaged.
You block the large abomination's attack.
You puncture the large abomination!
The large abomination is heavily damaged.
You puncture the large abomination!
The large abomination is severely damaged.
You block the large abomination's attack.
You puncture the large abomination!
The large abomination is almost destroyed.
You puncture the large abomination!
You destroy the large abomination!
Okawaru accepts your kill.
A starcursed mass splits.
A starcursed mass splits.
A chorus of shrieks assaults your mind.
* * * LOW HITPOINT WARNING * * *
A chorus of shrieks assaults your mind.
* * * LOW HITPOINT WARNING * * *
A starcursed mass splits.
A chorus of shrieks assaults your mind.
You die...

##. #. ...
..# #. ...#
...##. ...
#..#.## #..#
. #...#.
#.#.#
..#.#...#...#
#..#..#@.# .
#.....### #.
##....#
#..#.#X.#
#....X..#
.##.#.#.# §
##..#.# .§ ##
#{XX...#
.##..#...#


You could see 4 starcursed masses.

Vanquished Creatures
  A bone dragon (Abyss:2)
  Donald (Shoals:1)
  The ghost of Heha Ogi the Fighter, a journeyman DjSh of Cheibriados (Lair:3)
  Azrael (D:13)
  An eidolon (Abyss:2)
  A green death (Abyss:2)
  2 merfolk impalers (Shoals:1)
  A fire dragon (D:11)
  An ettin (D:13)
  Josephine (D:15)
  A rakshasa (Abyss:2)
  10 centaur warriors
  2 hydras
  An ogre mage (D:15)
  A catoblepas (D:13)
  2 death knights (D:14)
  5 boulder beetles
  2 two-headed ogres
  A satyr (Shoals:2)
  2 tengu warriors (D:15)
  A titan zombie (Abyss:2)
  A thrashing horror (Abyss:2)
  A sun demon (Lair:5)
  10 skeletal warriors
  2 skysharks
  Lodul (D:12)
  2 glowing orange brains
  A deep troll (D:13)
  A spectral death yak (Lair:3)
  An arcanist (Lair:5)
  2 spectral hydras (Lair:3)
  A lindwurm (D:13)
  4 deep elf pyromancers
  A deep elf archer (D:15)
  2 manticores
  2 wolf spiders (D:15)
  A worldbinder (Abyss:2)
  11 ugly things
  6 cyclopes
  A manticore (shapeshifter) (D:13)
  A large abomination (Abyss:2)
  4 fauns (Shoals:2)
  6 merfolk sirens
  A torpor snail (Lair:4)
  An elephant (Lair:5)
  2 gargoyles
  4 black mambas
  A smoke demon (Abyss:2)
  3 orange demons (Lair:5)
  11 cane toads
  A cane toad (shapeshifter) (D:13)
  5 rime drakes
  4 yaktaurs
  2 freezing wraiths (D:14)
  5 komodo dragons
  Psyche (D:12)
  2 ancient zymes (Abyss:2)
  A tengu conjurer (D:15)
  2 ice devils (Lair:5)
  A red devil (Lair:5)
  3 polar bears
  9 merfolk
  2 wind drakes
  2 trolls
  A hornet (D:9)
  A polar bear (shapeshifter) (D:11)
  A hellwing (Lair:5)
  16 blink frogs
  A raiju (shapeshifter) (D:15)
  A spectral dream sheep (Lair:3)
  A raiju (Abyss:2)
  3 snapping turtles (Shoals:1)
  7 slime creatures
  A slime creature (shapeshifter) (D:15)
  2 shadows
  2 wyverns
  A small abomination (Abyss:2)
  4 water elementals
  58 yaks
  9 wraiths
  2 basilisks
  3 fire elementals (D:13)
  3 steam dragons
  4 vampire mosquitoes
  A chaos spawn (Abyss:2)
  3 acid dragons
  Duvessa (D:4)
  6 hell hounds
  10 water moccasins
  6 sky beasts
  An ice beast (D:6)
  A sky beast (shapeshifter) (D:11)
  11 orc warriors
  5 centaurs
  2 laughing skulls
  3 boggarts (D:14)
  6 ogres (D:12)
  7 wolves
  3 kobold brigands
  7 bullfrogs
  A brain worm (Abyss:2)
  7 scorpions
  A gnoll sergeant (D:12)
  21 wights
  Dowan (D:4)
  A dream sheep simulacrum (Lair:3)
  23 killer bees
  An electric eel (Lair:1)
  6 howler monkeys
  A bombardier beetle (D:5)
  3 jellies (D:5)
  5 hounds
  2 gnoll boudas
  10 orc priests
  A sleepcap (D:4)
  3 iguanas
  17 orc wizards
  18 gnolls
  5 adders
  2 shadow imps
  4 white imps
  4 ufetubi
  A dart slug (D:2)
  A ribbon worm (D:3)
  56 orcs
  2 endoplasms
  6 giant cockroaches
  10 goblins
  9 hobgoblins
  A quokka (D:5)
  6 ball pythons
  5 bats
  3 frilled lizards
  28 kobolds
  3 rats (D:3)
626 creatures vanquished.

Vanquished Creatures (others)
  A rakshasa (D:15)
  Sonja (D:12)
2 creatures vanquished.

Grand Total: 628 creatures vanquished

Notes
Turn   | Place    | Note
-------+----------+-------------------------------------------
     0 | D:1      | Newt the Demonspawn Gladiator began the quest for the Orb.
     0 | D:1      | Reached XP level 1. HP: 16/16 MP: 1/1
   732 | D:2      | Gained mutation: You are partially covered in sharp spines.
                  | [demonic ancestry]
   732 | D:2      | Reached XP level 2. HP: 14/23 MP: 2/2
  1033 | D:2      | Reached XP level 3. HP: 29/29 MP: 3/3
  1771 | D:3      | Gained mutation: When seriously injured, your blood forms
                  | armour. (AC +9) [demonic ancestry]
  1771 | D:3      | Reached XP level 4. HP: 10/37 MP: 4/4
  2798 | D:4      | Reached skill level 1 in Stealth
  2798 | D:4      | Gained mutation: When seriously injured, your blood forms
                  | thick armour. (AC +9) [demonic ancestry]
  2798 | D:4      | Reached XP level 5. HP: 34/42 MP: 5/5
  3027 | D:4      | Found Gaisky's Magic Scroll Boutique.
  3028 | D:4      | Noticed Dowan
  3028 | D:4      | Noticed Duvessa
  3072 | D:4      | Killed Dowan
  3073 | D:4      | Reached skill level 1 in Axes
  3073 | D:4      | Gained mutation: You have a pair of small antennae on your
                  | head. [demonic ancestry]
  3073 | D:4      | Reached XP level 6. HP: 25/45 MP: 6/6
  3106 | D:4      | Bought a scroll of identify for 28 gold pieces
  3106 | D:4      | Bought a scroll of brand weapon for 133 gold pieces
  3173 | D:4      | Killed Duvessa
  4058 | D:4      | Gained mutation: You have a pair of antennae on your head.
                  | [demonic ancestry]
  4058 | D:4      | Reached XP level 7. HP: 50/54 MP: 7/7
  4462 | D:4      | Reached skill level 5 in Axes
  4636 | D:5      | Entered Level 5 of the Dungeon
  4904 | D:5      | Reached skill level 5 in Fighting
  5009 | D:5      | Found an ornate altar of the Wu Jian Council.
  5102 | D:5      | Gained mutation: A meltable shield of frost defends you.
                  | (SH +4) [demonic ancestry]
  5102 | D:5      | Reached XP level 8. HP: 60/64 MP: 8/8
  5539 | D:6      | Found a staircase to the Ecumenical Temple.
  5552 | Temple   | Entered the Ecumenical Temple
  5557 | Temple   | Became a worshipper of Warmaster Okawaru
  6363 | D:7      | Reached * piety under Okawaru
  6437 | D:7      | Found a shimmering blue altar of Sif Muna.
  6861 | D:7      | Identified the +6 trident of Newt's Misery {heavy, rF++}
  6940 | D:7      | Reached skill level 1 in Polearms
  6940 | D:7      | Gained mutation: Your presence sometimes corrodes those you
                  | injure. [demonic ancestry]
  6940 | D:7      | Reached XP level 9. HP: 56/72 MP: 9/9
  7165 | D:7      | Reached skill level 2 in Polearms
  7316 | D:7      | Reached ** piety under Okawaru
  7328 | D:7      | Reached skill level 3 in Polearms
  7478 | D:8      | Reached skill level 4 in Polearms
  7577 | D:8      | Reached skill level 5 in Polearms
  7591 | D:8      | Found a flagged portal.
  7606 | Bailey   | Entered a bailey
  7705 | Bailey   | Reached skill level 6 in Polearms
  7711 | Bailey   | Reached *** piety under Okawaru
  7719 | Bailey   | Reached skill level 7 in Polearms
  8246 | D:8      | Found a shadowy altar of Dithmenos.
  8257 | D:8      | Noticed a gargoyle
  8264 | D:8      | Killed a gargoyle
  8364 | D:8      | Reached skill level 1 in Armour
  8366 | D:8      | Reached XP level 10. HP: 79/79 MP: 10/10
  8625 | D:8      | Found a burning altar of Makhleb.
  8908 | D:8      | Identified the +10 sling of Degiaja {speed, rC+ Dex+4}
  9418 | D:9      | Reached **** piety under Okawaru
  9419 | D:9      | Reached skill level 5 in Armour
  9444 | D:9      | Identified a scroll of acquirement
  9446 | D:9      | Acquired 1116 gold pieces
  9711 | D:9      | Found a sacrificial altar of Ru.
 10140 | D:10     | Entered Level 10 of the Dungeon
 10156 | D:10     | Found a hazy altar of Hepliaklqana.
 10336 | D:10     | Reached ***** piety under Okawaru
 10509 | D:10     | Noticed a two-headed ogre
 10514 | D:10     | Killed a two-headed ogre
 10514 | D:10     | Received a gift from Okawaru
 10515 | D:10     | Reached XP level 11. HP: 68/84 MP: 11/11
 10875 | D:10     | Reached skill level 1 in Ranged Weapons
 11029 | D:10     | Found a staircase to the Orcish Mines.
 11758 | D:11     | Noticed a boulder beetle
 11779 | D:11     | Noticed a boulder beetle
 11782 | D:11     | Killed a boulder beetle
 11805 | D:11     | Killed a boulder beetle
 11806 | D:11     | Reached skill level 8 in Polearms
 12413 | D:11     | Reached skill level 9 in Polearms
 12550 | D:11     | Noticed a fire dragon
 12572 | D:11     | Killed a fire dragon
 12647 | D:11     | Noticed a two-headed ogre
 12659 | D:11     | Killed a two-headed ogre
 12660 | D:11     | Reached skill level 10 in Polearms
 12694 | D:11     | Noticed a brown ugly thing
 12701 | D:11     | Killed a brown ugly thing
 12831 | D:11     | Noticed a centaur warrior
 12831 | D:11     | Noticed a centaur warrior
 12837 | D:11     | Killed a centaur warrior
 12838 | D:11     | Reached skill level 11 in Polearms
 12843 | D:11     | Killed a centaur warrior
 12844 | D:11     | Reached XP level 12. HP: 72/91 MP: 12/12
 12907 | D:11     | Noticed a centaur warrior
 12910 | D:11     | Killed a centaur warrior
 12921 | D:11     | Got Senihilauf's Elucidation of the Impact
 12997 | D:11     | Found a staircase to the Lair.
 13283 | D:12     | Found an iron altar of Okawaru.
 13381 | D:12     | Reached ****** piety under Okawaru
 13381 | D:12     | Received a gift from Okawaru
 13422 | D:12     | Reached skill level 12 in Polearms
 13422 | D:12     | Acquired the +0 hat of Tah Voh {Will+++ Int-5 Dex+6}
 13422 | D:12     | Received a gift from Okawaru
 13472 | D:12     | Noticed a boulder beetle
 13473 | D:12     | Noticed Psyche
 13482 | D:12     | Killed Psyche
 13491 | D:12     | Killed a boulder beetle
 13635 | D:12     | Acquired the +8 Vampire's Tooth {megavamp}
 13635 | D:12     | Received a gift from Okawaru
 13635 | D:12     | Found the +8 Vampire's Tooth {megavamp}
 13702 | D:12     | Noticed Sonja
 13708 | D:12     | Killed Sonja
 13741 | D:12     | Reached skill level 1 in Evocations
 13751 | D:12     | Found Nedoguit's General Store.
 13759 | D:12     | Bought the +5 pair of gloves of a bazaar {rPois} for 732
                  | gold pieces
 13792 | D:12     | Noticed Lodul
 13812 | D:12     | Killed Lodul
 14318 | D:12     | You are sucked into a shaft and drop 2 floors!
 14402 | D:14     | Found the ring of the Hare {EV+10}
 14443 | D:14     | Noticed a centaur warrior
 14445 | D:14     | Killed a centaur warrior
 14446 | D:14     | Reached skill level 5 in Evocations
 14554 | D:14     | Noticed a centaur warrior
 14562 | D:14     | Killed a centaur warrior
 14562 | D:14     | Received a gift from Okawaru
 14643 | D:14     | Noticed a boulder beetle
 14734 | D:14     | Noticed a two-headed ogre
 14879 | D:14     | Noticed a death knight
 14916 | D:14     | Killed a death knight
 15089 | D:14     | Noticed a death knight
 15105 | D:14     | Killed a death knight
 15134 | D:14     | Gained mutation: You have a pair of large antennae on your
                  | head. (SInv) [demonic ancestry]
 15134 | D:14     | Reached XP level 13. HP: 64/96 MP: 13/13
 15295 | D:14     | Received a gift from Okawaru
 15455 | D:15     | Entered Level 15 of the Dungeon
 15569 | D:15     | Found a stormy altar of Qazlal.
 15571 | D:15     | Reached skill level 10 in Evocations
 15571 | D:15     | Reached skill level 1 in Invocations
 15712 | D:15     | Noticed Josephine
 15732 | D:15     | Killed Josephine
 15735 | D:15     | Reached skill level 5 in Invocations
 15745 | D:15     | Received a gift from Okawaru
 16098 | D:15     | Reached skill level 10 in Invocations
 16337 | D:15     | Received a gift from Okawaru
 16449 | D:15     | Found a portal to a secret trove of treasure.
 16575 | D:15     | Reached skill level 1 in Shields
 16773 | D:15     | Found a staircase to the Depths.
 17253 | D:13     | Received a gift from Okawaru
 17254 | D:13     | Gained mutation: A meltable icy envelope protects you from
                  | harm. (AC +8) [demonic ancestry]
 17254 | D:13     | Reached XP level 14. HP: 103/103 MP: 22/22
 17364 | D:13     | Reached skill level 5 in Shields
 17607 | D:13     | Noticed Azrael
 18267 | D:13     | Found a gate to the Vaults.
 18760 | D:13     | Killed Azrael
 19173 | D:12     | Received a gift from Okawaru
 19423 | Lair:1   | Entered Level 1 of the Lair of Beasts
 19815 | Lair:1   | Upgraded the game from 0.31-a0-1611-g890cdf5628 to
                  | 0.31-a0-1612-g4aaf141004
 20408 | Lair:2   | You are sucked into a shaft and drop 1 floor!
 20482 | Lair:3   | Received a gift from Okawaru
 20527 | Lair:3   | Reached skill level 13 in Polearms
 20778 | Lair:3   | Found a runed translucent gate.
 20778 | Lair:3   | Found a runed translucent gate.
 20778 | Lair:3   | Found a runed translucent gate.
 20879 | Lair:3   | Found a staircase to the Shoals.
 21224 | Lair:3   | Noticed Heha Ogi's ghost (journeyman DjSh)
 21310 | Lair:3   | Killed Heha Ogi's ghost
 21610 | Lair:4   | Reached skill level 14 in Polearms
 21618 | Lair:4   | Received a gift from Okawaru
 22108 | Lair:4   | Identified the amulet "Loojogh" {Reflect Rampage rN+ rCorr
                  | SH+5}
 22221 | Lair:5   | Entered Level 5 of the Lair of Beasts
 22227 | Lair:5   | Gained mutation: A meltable icy envelope protects you from
                  | harm. (AC +8) [demonic ancestry]
 22227 | Lair:5   | Reached XP level 15. HP: 108/108 MP: 23/23
 22424 | Lair:5   | Found a burning altar of Makhleb.
 22439 | Lair:5   | Reached skill level 10 in Armour
 22487 | Lair:5   | Found a gateway to Hell.
 22489 | Lair:5   | Got an earthy gem with 568 turns to spare
 22495 | Lair:5   | Identified the ring "Gummos" {MP+9 Dex+6 Slay+3}
 22861 | Lair:5   | Received a gift from Okawaru
 23010 | Lair:4   | Lost the earthy gem through the power of Zot.
 23041 | Shoals:1 | Entered Level 1 of the Shoals
 23089 | Shoals:1 | Noticed Donald
 23100 | Shoals:1 | Killed Donald
 23696 | Shoals:2 | Found Pymatyezuu's Book Boutique.
 23712 | Shoals:2 | Identified the +6 plate armour "Ruiruupn" {*Slow rC+++ MP-9
                  | Int+2}
 23736 | Shoals:2 | Received a gift from Okawaru
 23758 | Abyss:2  | Cast into level 2 of the Abyss (merfolk impaler)
 23816 | Abyss:2  | Found a corrupted altar of Lugonu.
 23836 | Abyss:2  | Found a corrupted altar of Lugonu.
 23843 | Abyss:2  | Found a corrupted altar of Lugonu.
 23843 | Abyss:2  | Found a corrupted altar of Lugonu.
 23847 | Abyss:2  | Noticed a bone dragon
 23877 | Abyss:2  | Killed a bone dragon
 23998 | Abyss:2  | Found a corrupted altar of Lugonu.
 24116 | Abyss:2  | HP: 3/108 [starcursed mass/accursed screaming (9)]
 24117 | Abyss:2  | Killed from afar by a starcursed mass

Illustrated notes

Levels and vault maps discovered:
D:1:      kennysheep_arrival_seaside, layout_rooms,
          minmay_misc_feat_secret_circle
D:2:      minmay_chambers_of_ones, layout_rooms
D:3:      layout_basic
D:4:      layout_loops_corners, minmay_shop_grid_forest,
          chequers_serial_rivers_room_b, serial_library_hellmonk_big_corner,
          uniq_duvessa
D:5:      layout_loops_ring, pdpol_wu_jian_five_deadly_venoms,
          serial_bayou_crossing
D:6:      layout_loops_ring, temple_fountains, serial_rivers,
          chequers_serial_rivers_room_b, chequers_serial_rivers_room_a,
          chequers_serial_rivers_micro_a, chequers_serial_rivers_small_b
D:7:      layout_cave_pools, nicolae_sif_muna_condensation
D:8:      layout_basic, lemuel_coloured_pillars_altar, kennysheep_mini_moat,
          kennysheep_little_box, enter_bailey_3
D:9:      layout_basic, nicolae_ru_path_of_blood, hangedman_misty_isle
D:10:     layout_loops_cross, nicolae_overflow_crystal_walls, hiddenorc1_lemuel,
          serial_co_window_serial, co_window_corner_a, co_window_cross_1,
          co_window_paths_a, co_window_corner_a, co_window_of_opportunity_a,
          co_window_paths_b, co_window_of_opportunity_c, co_window_broadway_b,
          co_window_corner_b, co_window_broadway_b, co_window_unsneaky_path_b,
          co_window_4corner_b, glass_columns_a, glass_columns_a,
          glass_columns_a, glass_columns_a, serial_bayou_pond_c
D:11:     minmay_the_grid_plus_closed [minmay_the_grid_eight,
          minmay_the_grid_rooms, minmay_the_grid_holed_spiral,
          minmay_the_grid_mess, minmay_the_grid_prize_shrinking_boxes],
          layout_gridville
D:12:     minmay_goldmine, layout_stronghold, serial_shops, shop,
          serial_column_ruins, column_ruins_grid_3, column_ruins_open_medium,
          column_ruins_corridor_dead_end, column_ruins_columns_plus,
          column_ruins_open_tiny, okawaru_metal_pillars_1_2, uniq_sonja,
          uniq_lodul, uniq_psyche
D:13:     layout_layer_cave, david_vaults_4, uniq_azrael
D:14:     layout_roguey, grunt_decor_one_mirror
D:15:     gammafunk_enter_depths_forms, layout_basic, enter_trove_3,
          amcnicky_mini_pool_small, minmay_ruined_shrine, uniq_josephine
Temple:   minmay_freezing_vapour_temple
Lair:1:   layout_gridlike, st_stairs_13, cheibrodos_lair_caveside_slide,
          serial_bayou_shore_a
Lair:2:   beast_lair_carwin_large_2, layout_loops_ring, dummy_snake_entry,
          chequers_serial_rivers_small_a, kennysheep_abandoned_house
Lair:3:   layout_misc_corridors, elwin_shoals_entry_stream,
          gammafunk_ghost_necromancy, grunt_megastairs_5, serial_bayou_shore_b
Lair:4:   layout_gridlike, infiniplex_staircase_pool
Lair:5:   evil_forest, layout_cave_pods, dpeg_slime_entry_enclosed
Shoals:1: layout_shoals, uniq_donald
Shoals:2: layout_shoals, serial_shops, nicolae_shop_advertising_works
          [nicolae_subvault_shop_adworks], nicolae_shoals_former_cling_ruins
Abyss:2:  base:
D:14

Skill      XL: |  1  2  3  4  5  6  7  8  9 10 11 12 13 14 15 |
---------------+----------------------------------------------+-----
Fighting       | 3 4 6 7 |  7.0
Dodging        | 3 4 |  4.0
Stealth        | 1 3 |  3.0
Axes           | 1 4 5 7 |  7.6
Polearms       | 1 7 11 12 14 | 14.2
Armour         | 1 8 9 12 | 12.7
Ranged Weapons | 2 |  2.6
Evocations     | 8 10 | 10.0
Invocations    | 11 | 11.0
Shields        | 4 9 |  9.0
Short Blades   | |  2.6
Throwing       | |  1.7

Action                     |  1- 3 |  4- 6 |  7- 9 | 10-12 | 13-15 || total
---------------------------+-------+-------+-------+-------+-------++-------
  Melee: Rapier            |    91 |    31 |       |       |       ||   122
         Hand axe          |       |    67 |   178 |       |       ||   245
         Punch             |       |       |     5 |       |       ||     5
         Trident           |       |       |   117 |   240 |       ||   357
         Demon trident     |       |       |       |   379 |  1440 ||  1819
   Fire: Sling             |       |       |       |    13 |       ||    13
  Throw: Javelin           |     1 |       |       |       |       ||     1
         Throwing net      |       |     1 |     1 |       |     1 ||     3
         Dart              |       |       |     3 |       |       ||     3
 Invoke: Heroism           |       |       |       |     5 |     7 ||    12
         Finesse           |       |       |       |     2 |     6 ||     8
         Receive Weapon    |       |       |       |     1 |       ||     1
         Receive Armour    |       |       |       |     1 |       ||     1
  Evoke: Wand              |       |       |       |     1 |     2 ||     3
         Lightning rod     |       |       |       |       |     2 ||     2
         Phial of floods   |       |       |       |       |     1 ||     1
         Condenser vane    |       |       |       |       |     1 ||     1
    Use: Scroll            |    12 |     3 |     5 |    10 |     4 ||    34
         Potion            |     4 |       |     2 |       |     2 ||     8
   Stab: Sleeping          |       |       |     8 |       |       ||     8
         Distracted        |       |       |     1 |       |       ||     1
         Invisible         |       |       |       |     1 |     2 ||     3
 Armour: Leather armour    |    55 |    59 |    72 |       |       ||   186
         Steam dragon scal |       |       |    73 |       |       ||    73
         Plate armour      |       |       |    11 |   403 |   359 ||   773
  Dodge: Dodged            |    56 |    77 |   119 |    49 |   220 ||   521
  Block: Other             |       |       |    16 |       |       ||    16
         Tower shield      |       |       |   157 |   684 |  1488 ||  2329
         Reflection        |       |       |       |    27 |    71 ||    98

Table legend: (Time is in decaauts)
 A = Elapsed time spent in this place.
 B = Non-inter-level travel time spent in this place.
 C = Inter-level travel time spent in this place.
 D = Time resting spent in this place.
 E = Time spent auto-exploring this place.
 F = Levels seen in this place.
 G = Mean time per level.
                   A        B        C        D        E       F      G
               +--------+--------+--------+--------+--------+-----+--------+
         Total |  25126 |  24219 |    907 |   3632 |  15893 |  25 | 1005.0 |
       Dungeon |  19646 |  18965 |    681 |   3199 |  12576 |  15 | 1309.7 |
        Temple |     10 |      1 |      9 |      0 |      0 |   1 |   10.0 |
          Lair |   3783 |   3576 |    207 |     98 |   2640 |   5 |  756.6 |
        Shoals |    727 |    718 |      9 |      0 |    461 |   2 |  363.5 |
         Abyss |    310 |    310 |      0 |     83 |      0 |   1 |  310.0 |
        Bailey |    647 |    647 |      0 |    251 |    215 |   1 |  647.0 |
               +--------+--------+--------+--------+--------+-----+--------+

Top non-repeatable levels by time:
    D:13: 2059 daAuts
     D:4: 1861 daAuts
    D:10: 1727 daAuts
    D:11: 1707 daAuts
    D:15: 1685 daAuts
     D:3: 1500 daAuts
    D:12: 1410 daAuts
     D:8: 1377 daAuts
    D:14: 1219 daAuts
     D:7: 1133 daAuts
  Lair:3: 1124 daAuts
     D:9: 987 daAuts
     D:6: 900 daAuts
  Lair:1: 893 daAuts
  Lair:4: 816 daAuts
